 Dungeon Crawl Stone Soup version 0.30-a0-170-g85af917532 (webtiles) character file.

Game seed: 14472748540708887497

7437 IdlyInterested the Carver (level 10, -2/80 HPs)
             Began as a Demonspawn Gladiator on Sept 30, 2022.
             Slain by a wraith (5 damage)
             ... on level 9 of the Dungeon.
             The game lasted 00:38:56 (11149 turns).

IdlyInterested the Carver (Demonspawn Gladiator)   Turns: 11149, Time: 00:38:57

Health: -2/80      AC:  8    Str: 14    XL:     10   Next: 93%
Magic:  0/19       EV: 15    Int: 10    God:
Gold:   79         SH:  6    Dex: 19    Spells: 9/9 levels left

rFire   + . .      SeeInvis .    s - +0 scimitar
rCold   + . .      Faith    .    H - +0 buckler
rNeg    . . .      Spirit   +    K - +2 robe {rC+}
rPois   +          Reflect  .    (helmet restricted)
rElec   .          Harm     .    u - +2 cloak {rPois}
rCorr   .          Rampage  .    n - +0 pair of gloves
Will    .....                    (no boots)
Stlth   +++.......               g - amulet of guardian spirit
HPRegen 0.23/turn                B - ring of magical power
MPRegen 0.16/turn                m - ring of protection from fire

@: slowed, very slow
A: horns 2, demonic guardian 1, foul stench 1, corrupting presence 1
a: no special abilities


You were on level 9 of the Dungeon.
You visited 2 branches of the dungeon, and saw 10 of its levels.

You collected 394 gold pieces.
You spent 315 gold pieces at shops.

Inventory:

Hand Weapons
 a - a +1 long sword of flaming
 s - a +0 scimitar (weapon)
 v - the +7 hammer "Buikedya" {pain, Fly rC+ Str+3}
   (You found it on level 3 of the Dungeon)

   In the hands of one skilled in necromantic magic, it inflicts extra damage on
   living creatures.
   Str:       It affects your strength (+3).
   rC:        It protects you from cold.
   Fly:       It grants you flight.
 J - a +1 falchion of freezing
Missiles
 d - 3 throwing nets
 e - a javelin
 o - 20 poisoned darts (quivered)
Armour
 n - a +0 pair of gloves (worn)
 u - a +2 cloak of poison resistance (worn)
 H - a +0 buckler (worn)
 K - a +2 robe of cold resistance (worn)
Magical Staves
 q - a staff of cold
Jewellery
 g - an amulet of guardian spirit (around neck)
 m - a ring of protection from fire (right hand)
 r - a +6 ring of strength
 B - a ring of magical power (left hand)
 C - a +6 ring of strength
Wands
 b - a wand of polymorph (7)
 h - a wand of flame (13)
 w - a wand of paralysis (3)
 A - a wand of acid (2)
 D - a wand of roots (2)
Scrolls
 c - a scroll of blinking
 i - 11 scrolls of identify
 k - 2 scrolls of teleportation
 t - 2 scrolls of vulnerability
 x - 2 scrolls of butterflies
 y - 3 scrolls of poison
 L - a scroll of amnesia
Potions
 j - a potion of brilliance {unknown}
 l - a potion of mutation {unknown}
 p - 2 potions of lignification {unknown}
 z - a potion of cancellation {unknown}
 E - 2 potions of attraction {unknown}
 G - a potion of haste
 I - a potion of berserk rage {unknown}


   Skills:
 - Level 8.0 Fighting
 * Level 10.6 Long Blades
 - Level 2.0 Throwing
 - Level 1.0 Armour
 * Level 6.1 Dodging
 - Level 6.0 Stealth
 - Level 4.0 Shields
 - Level 2.0 Evocations


You had 9 spell levels left.
You didn't know any spells.
Your spell library contained the following spells:

 Spells                   Type           Power      Damage    Failure   Level
 Slow                     Hex            0%         N/A       43%         1
 Cigotuvi's Dreadful Rot  Necr/Pois/Air  0%         N/A       58%         2
 Poisonous Vapours        Pois/Air       0%         N/A       58%         2
 Confusing Touch          Hex            0%         N/A       82%         3
 Vampiric Draining        Necr           0%         2d6       82%         3
 Freezing Cloud           Conj/Ice/Air   0%         6-21      100%        5
 Simulacrum               Ice/Necr       0%         N/A       100%        6
 Polar Vortex             Ice            0%         N/A       100%        9


Dungeon Overview and Level Annotations

Branches:
Dungeon (9/15)             Temple (1/1) D:6
   Lair: D:8-11         Orc: D:9-12

Altars:
Ashenzari
Cheibriados
Dithmenos
Fedhas
Gozag
Hepliaklqana
Kikubaaqudgha
Makhleb
Nemelex Xobeh
Okawaru
Qazlal
Ru
Sif Muna
Trog
Uskayaw
Vehumet
Wu Jian
Xom
Yredelemnul

Shops:
D:2 !   D:5 [(**


Innate Abilities, Weirdness & Mutations

You have a pair of horns on your head.
A weak demonic guardian rushes to your aid.
You may rarely emit foul miasma when damaged in melee.
Your presence sometimes corrodes those you injure.


Message History

The orc attacks as you move away! The orc hits you with a +0 dagger.
* * * LOW HITPOINT WARNING * * *
You feel yourself speed up.
You hear some strange, mumbled words.
Something tries to affect you, but you resist.
The orc hits you with a +0 dagger.
* * * LOW HITPOINT WARNING * * *
A demonic guardian appears!
Something hits you.
* * * LOW HITPOINT WARNING * * *
The wraith hits you!
* * * LOW HITPOINT WARNING * * *
The wraith drains your vigour!
You feel yourself slow down.
You closely miss the wraith. You headbutt the wraith.
The wraith is lightly damaged.
The wraith hits you.
* * * LOW HITPOINT WARNING * * *
The wraith drains your vigour!
You feel as though you will be slow longer.
The orc barely misses you. Something hits you.
* * * LOW HITPOINT WARNING * * *
Your rust devil completely misses the wraith.
You feel better. The wraith hits you but does no damage.
The orc closely misses you. Something hits you.
* * * LOW HITPOINT WARNING * * *
Your rust devil closely misses the wraith.
Something hits you but does no damage. You block the wraith's attack.
The orc hits you but does no damage.
Your rust devil barely misses the wraith.
You slash the orc!
You kill the orc!
The wraith hits you!
* * * LOW HITPOINT WARNING * * *
You emit a cloud of foul miasma!
Something hits you.
* * * LOW HITPOINT WARNING * * *
You emit a cloud of foul miasma!
Your rust devil hits the wraith.
Your rust devil corrodes the wraith!
You hit the wraith. You headbutt the wraith!
The wraith is moderately damaged.
The wraith hits you.
You die...

# .. ..
.#.#.###.#
..#.....#
####).....##
#.......:..#
#..........#
#.....!)...#
#...)>.)W4.#
#....<.{@$.#
#..........#
#....)>....#
+..........#
#..........#
#..........#
#..........#
#..........#
#..........#


You could see a wraith (corroded, ally target) and a friendly rust devil
(summoned).

Vanquished Creatures
  A hydra (D:7)
  The ghost of ImAmAmBug the Changer, a novice DrTm of Ru (D:5)
  A moth of wrath (D:7)
  Maurice (D:8)
  A komodo dragon (D:7)
  Psyche (D:8)
  A hornet (D:5)
  Sigmund (D:4)
  A wyvern (D:7)
  A steam dragon (D:8)
  Edmund (D:4)
  2 water moccasins (D:7)
  6 ice beasts
  2 black bears
  2 orc warriors
  An ogre (D:5)
  2 centaurs
  A phantom (D:7)
  A kobold brigand (D:8)
  2 bullfrogs (D:8)
  3 necrophages
  A scorpion (D:5)
  8 wights (D:8)
  4 killer bees (D:8)
  4 howler monkeys
  Crazy Yiuf (D:3)
  2 hounds
  A jelly (D:6)
  An orc priest (D:9)
  5 iguanas
  21 orc wizards
  Robin (D:2)
  11 adders
  3 gnolls (D:6)
  A shadow imp (D:6)
  A white imp (D:4)
  A worm (D:3)
  3 dart slugs
  21 orcs
  3 bats
  4 endoplasms
  2 giant cockroaches (D:3)
  15 goblins
  6 hobgoblins
  6 jackals
  2 quokkas
  A ball python (D:1)
  2 frilled lizards
  12 kobolds
  4 rats
180 creatures vanquished.

Vanquished Creatures (collateral kills)
  The ghost of ragingrage the Grappler, a novice TrFi of Sif Muna (D:7)
  A black bear (D:5)
  A scorpion (D:6)
  A jelly (D:6)
  2 orc wizards (D:8)
  An adder (D:4)
  5 orcs (D:4)
  A ball python (D:1)
  An endoplasm (D:4)
  2 hobgoblins (D:1)
  A quokka (D:1)
  A rat (D:1)
18 creatures vanquished.

Grand Total: 198 creatures vanquished

Notes
Turn   | Place    | Note
-------+----------+-------------------------------------------
     0 | D:1      | IdlyInterested the Demonspawn Gladiator began the quest for
                  | the Orb.
     0 | D:1      | Reached XP level 1. HP: 16/16 MP: 1/1
   315 | D:1      | Gained mutation: A weak demonic guardian rushes to your
                  | aid. [demonic ancestry]
   315 | D:1      | Reached XP level 2. HP: 22/22 MP: 2/2
   514 | D:1      | Reached skill level 1 in Evocations
  1041 | D:2      | Gained mutation: You may rarely emit foul miasma when
                  | damaged in melee. [demonic ancestry]
  1041 | D:2      | Reached XP level 3. HP: 27/28 MP: 3/3
  1140 | D:2      | Reached skill level 1 in Stealth
  1205 | D:2      | Found Etege's Distillery.
  1477 | D:2      | Reached skill level 1 in Armour
  1540 | D:2      | Noticed Robin
  1558 | D:2      | Killed Robin
  1559 | D:2      | Gained mutation: You have a pair of small horns on your
                  | head. [demonic ancestry]
  1559 | D:2      | Reached XP level 4. HP: 9/35 MP: 4/4
  1897 | D:2      | Reached skill level 3 in Long Blades
  2209 | D:3      | Found a blossoming altar of Fedhas.
  2280 | D:2      | Bought a potion of degeneration for 14 gold pieces
  2280 | D:2      | Bought a potion of curing for 42 gold pieces
  2280 | D:2      | Bought a potion of curing for 42 gold pieces
  2392 | D:3      | Found a runed translucent door.
  2393 | D:3      | Noticed Crazy Yiuf
  2416 | D:3      | Found a hide-covered altar of Uskayaw.
  2547 | D:3      | Found a faded altar of an unknown god.
  2765 | D:3      | Gained mutation: You have a pair of horns on your head.
                  | [demonic ancestry]
  2765 | D:3      | Reached XP level 5. HP: 41/41 MP: 5/5
  3096 | D:3      | Killed Crazy Yiuf
  3107 | D:3      | Identified the +7 hammer "Buikedya" {pain, Fly rC+ Str+3}
  3393 | D:4      | Reached XP level 6. HP: 13/48 MP: 0/6
  3738 | D:2      | Bought a potion of curing for 42 gold pieces
  4156 | D:4      | Reached skill level 5 in Fighting
  4214 | D:4      | Noticed Sigmund
  4219 | D:4      | Noticed Edmund
  4224 | D:4      | Killed Sigmund
  4225 | D:4      | Reached XP level 7. HP: 50/56 MP: 7/7
  4238 | D:4      | Killed Edmund
  4239 | D:4      | Reached skill level 4 in Long Blades
  4519 | D:5      | Entered Level 5 of the Dungeon
  4519 | D:5      | Found Cuit's Assorted Antiques.
  4727 | D:5      | Identified the +10 great mace "Watt" {elec, rPois Str+4
                  | Int+2 Dex-4}
  4729 | D:5      | Noticed ImAmAmBug's ghost (novice DrTm)
  4730 | D:5      | Found a transporter.
  4730 | D:5      | Found a transporter.
  4780 | D:5      | Found Gaesiapo's Assorted Antiques.
  4784 | D:5      | Found Atuklot's Armour Boutique.
  4784 | D:5      | Found Numuneqi's Antique Weapon Emporium.
  5186 | D:5      | Noticed a hornet
  5193 | D:5      | Killed a hornet
  5194 | D:5      | Reached XP level 8. HP: 30/65 MP: 6/8
  5778 | D:5      | Bought an inky potion for 24 gold pieces
  5794 | D:5      | Bought a scroll labelled GIOPTIWEO for 25 gold pieces
  6095 | D:5      | Killed ImAmAmBug's ghost
  6096 | D:5      | Reached skill level 6 in Long Blades
  6382 | D:6      | Reached skill level 1 in Shields
  6710 | D:6      | Found a staircase to the Ecumenical Temple.
  6722 | D:6      | Gained mutation: Your presence sometimes corrodes those you
                  | injure. [demonic ancestry]
  6722 | D:6      | Reached XP level 9. HP: 39/74 MP: 4/9
  6811 | Temple   | Entered the Ecumenical Temple
  7612 | D:2      | Bought a potion of heal wounds for 70 gold pieces
  7829 | D:7      | Reached skill level 5 in Dodging
  7957 | D:7      | Noticed ragingrage's ghost (novice TrFi)
  7967 | D:7      | Found a transporter.
  7968 | D:7      | Noticed a moth of wrath
  7989 | D:7      | Found a transporter.
  7992 | D:7      | Noticed a four-headed hydra
  8015 | D:7      | Reached skill level 7 in Long Blades
  8213 | D:7      | Noticed a komodo dragon
  8221 | D:7      | Killed a komodo dragon
  8855 | D:2      | Bought a potion of might for 56 gold pieces
  9000 | D:7      | Killed a one-headed hydra
  9001 | D:7      | Reached skill level 8 in Long Blades
  9001 | D:7      | Reached skill level 5 in Stealth
  9001 | D:7      | Reached XP level 10. HP: 37/80 MP: 4/10
  9007 | D:7      | Killed a moth of wrath
  9013 | D:7      | Killed ragingrage's ghost
  9014 | D:7      | Reached skill level 9 in Long Blades
  9450 | D:8      | Noticed Maurice
  9480 | D:8      | Killed Maurice
 10339 | D:8      | Reached skill level 10 in Long Blades
 10432 | D:8      | Noticed Psyche
 10458 | D:8      | Killed Psyche
 11148 | D:9      | HP: 3/80 [something (2)]
 11149 | D:9      | Slain by a wraith

Illustrated notes

Levels and vault maps discovered:
D:1:      onia_arrival_pyramid, layout_basic
D:2:      layout_basic, serial_shops, shop_fountains, hex_intersection,
          uniq_robin
D:3:      layout_basic, grunt_temple_overflow_open,
          nicolae_ecumenical_lake_church, uniq_crazy_yiuf_cottage
D:4:      layout_basic, sigmund_edmund_badplayer
D:5:      layout_cave_pods, mainiacjoe_overflow_cross_hatched,
          gammafunk_ghost_smash, dreamdust_princess_bridge,
          nicolae_wooded_promenade, kennysheep_small_spiral,
          amcnicky_mini_pool_medium
D:6:      layout_rooms, minmay_temple_entry_statues_pillars, st_stairs_8
D:7:      layout_basic, gammafunk_ghost_berserking_beasts
D:8:      minmay_flawed_box, layout_basic, uniq_maurice, uniq_psyche
D:9:      layout_roguey, nicolae_elemental_shop
Temple:   nicolae_temple_two_arcs

Skill      XL: |  1  2  3  4  5  6  7  8  9 10 |
---------------+-------------------------------+-----
Dodging        | 3 4 6 |  6.1
Throwing       | 2 |  2.0
Evocations     | 1 2 |  2.0
Stealth        | 1 4 5 6 |  6.0
Fighting       | 3 4 5 6 8 |  8.0
Armour         | 1 |  1.0
Long Blades    | 3 4 6 8 10 | 10.6
Shields        | 2 4 |  4.0

Action                   |  1- 3 |  4- 6 |  7- 9 | 10-12 || total
-------------------------+-------+-------+-------+-------++-------
Melee: Long sword        |    94 |    98 |   221 |     2 ||   415
       Headbutt          |       |    14 |    45 |    34 ||    93
       Dagger            |       |       |    13 |       ||    13
       Punch             |       |       |     1 |       ||     1
       Scimitar          |       |       |    14 |   150 ||   164
       Mace              |       |       |     4 |    10 ||    14
       Unarmed           |       |       |       |    12 ||    12
Throw: Throwing net      |     1 |     1 |       |       ||     2
       Dart              |       |     2 |     6 |       ||     8
Evoke: Wand              |       |       |     3 |       ||     3
  Use: Scroll            |     4 |     3 |     8 |       ||    15
       Potion            |       |     3 |     3 |     7 ||    13
 Stab: Sleeping          |     1 |     3 |       |     5 ||     9
       Held in net/web   |       |     1 |       |       ||     1
       Invisible         |       |       |     1 |     5 ||     6
       Distracted        |       |       |       |     1 ||     1
Armor: Ring mail         |    42 |    82 |    21 |       ||   145
       Scale mail        |       |       |    80 |    22 ||   102
       Robe              |       |       |       |    61 ||    61
Dodge: Dodged            |    54 |    81 |   135 |   117 ||   387
Block: Buckler           |       |       |    42 |    36 ||    78

Table legend: (Time is in decaauts)
 A = Elapsed time spent in this place.
 B = Non-inter-level travel time spent in this place.
 C = Inter-level travel time spent in this place.
 D = Time resting spent in this place.
 E = Time spent auto-exploring this place.
 F = Levels seen in this place.
 G = Mean time per level.
                   A        B        C        D        E       F      G
               +--------+--------+--------+--------+--------+-----+--------+
         Total |  11243 |   9847 |   1396 |   2173 |   5465 |  10 | 1124.3 |
       Dungeon |  10868 |   9474 |   1394 |   1919 |   5380 |   9 | 1207.6 |
        Temple |    375 |    374 |      1 |    254 |     85 |   1 |  375.0 |
               +--------+--------+--------+--------+--------+-----+--------+

Top non-repeatable levels by time:
     D:5: 2127 daAuts
     D:7: 1714 daAuts
     D:8: 1460 daAuts
     D:4: 1382 daAuts
     D:2: 1181 daAuts
     D:1: 1105 daAuts
     D:3: 1096 daAuts
     D:6: 760 daAuts
  Temple: 375 daAuts
     D:9: 38 daAuts
